 Dungeon Crawl Stone Soup version 0.18-a0-1789-gbeff17f (webtiles) character file.

189 Gobbopathe the Stinger (level 5, 0/31 HPs)
             Began as an Octopode Venom Mage on Apr 21, 2016.
             Slain by a gnoll
             ... wielding a +0 club
              (6 damage)
             ... on level 3 of the Dungeon.
             The game lasted 00:13:16 (2012 turns).

Gobbopathe the Stinger (Octopode Venom Mage)        Turns: 2012, Time: 00:13:17

Health: 0/31       AC:  1    Str:  7    XL:     5   Next: 68%
Magic:  4/9        EV: 12    Int: 19    God:
Gold:   85         SH:  2    Dex: 12    Spells: 3 memorised, 4 levels left

rFire  . . .     SeeInvis .     m - +0 quarterstaff
rCold  . . .     Gourm    .     (shield currently unavailable)
rNeg   . . .     Faith    .     (helmet restricted)
rPois  .         Spirit   .     q - +2 amulet of reflection
rElec  .         Dismiss  .     j - ring of loudness (curse)
rCorr  .         Reflect  +     (no ring)
SustAt .         Harm     .     (no ring)
MR     .....                    (no ring)
Stlth  ++........               (no ring)
                                (no ring)
                                (no ring)
                                (no ring)

@: very slightly contaminated, not resistant to hostile enchantments, unstealthy
A: almost no armour, amphibious, 8 rings, constrict 8, camouflage 1, gelatinous
body 1, subdued magic 1
a: no special abilities


You were on level 3 of the Dungeon.
You were not hungry.

You visited 1 branch of the dungeon, and saw 3 of its levels.

You collected 85 gold pieces.

Inventory:

Hand Weapons
 a - a +0 hand axe
 b - a cursed -3 hunting sling
 m - a +0 quarterstaff (weapon)
 o - a +0 dagger
 p - a +0 spear
Missiles
 u - 21 sling bullets
Jewellery
 j - a cursed ring of loudness (left tentacle)
 q - a +2 amulet of reflection (around mantle)
Wands
 l - a wand of flame (44/48)
 y - a wand of polymorph (13/24)
Scrolls
 c - 3 scrolls of identify
 d - a scroll of recharging
 i - 2 scrolls of teleportation
 v - a scroll of blinking {unknown}
Potions
 e - a potion of invisibility {unknown}
 g - 3 potions of agility
 r - a potion of heal wounds {unknown}
 s - a potion of berserk rage {unknown}
 w - a potion of magic {unknown}
Books
 z - a Young Poisoner's Handbook

   Spells                             Type                      Level
   a - Sting                          Conjuration/Poison           1
   b - Cure Poison                    Poison                       2
   c - Mephitic Cloud                 Conjuration/Poison/Air       3
   d - Olgreb's Toxic Radiance        Poison                       4
   e - Venom Bolt                     Conjuration/Poison           5
Comestibles
 f - 3 meat rations
 n - a bread ration
 t - 2 chunks of flesh
 x - a beef jerky


   Skills:
 - Level 2.0 Dodging
 - Level 2.6 Stealth
 + Level 3.2 Spellcasting
 * Level 7.3 Poison Magic


You had 4 spell levels left.
You knew the following spells:

 Your Spells              Type           Power        Failure   Level  Hunger
a - Sting                 Conj/Pois      ##..         3%          1    None
b - Mephitic Cloud        Conj/Pois/Air  #.......     14%         3    ###....
c - Cure Poison           Pois           ###.......   1%          2    ##.....


Dungeon Overview and Level Annotations

Branches:
Dungeon (3/15)

Altars:


Innate Abilities, Weirdness & Mutations

You cannot wear most types of armour.
You are amphibious.
You can wear up to eight rings at the same time.
You can use your tentacles to constrict eight enemies at once.
Your skin changes colour to match your surroundings (Stealth).
Your rubbery body absorbs attacks (AC +1).
Your spells are a little easier to cast, but a little less powerful.


Message History

The sting hits the orc.
The orc is poisoned.
The orc is heavily wounded.
A gnoll comes into view. It is wielding a club.
The orc barely misses you.
You hit the orc.
You kill the orc!
Casting: Sting
Confirm with . or Enter, or press ? or * to list all spells.
Aiming: Sting
Press: ? - help, Shift-Dir - straight line, f - gnoll
Aim: a gnoll, wielding a club The sting misses the gnoll.
You completely miss the gnoll. You grab the gnoll. You constrict the gnoll.
The gnoll hits you with a club!
* * * LOW HITPOINT WARNING * * *
You are too injured to fight recklessly!
You thump the gnoll!
The gnoll is severely wounded.
You constrict the gnoll. The gnoll hits you with a club.
You die...

...##.##.##......#
#..#............#
#....##.......# #
#.#......#...## #.
###))..........#
#.###........###...#
###)....##....##
#####
#......##...#.#
..#....g@.....#
.........###..##
#.......# #...#
#..##..## #.).##
###.#...## ##...#
......#..# ##.)#
####.....# ##)##
###...# #..# #.#†###
#..# #####


You could see a gnoll.

Vanquished Creatures
  Ijyb (D:3)
  8 gnolls
  2 oozes
  3 worms
  7 dart slugs
  2 giant geckos
  An orc (D:3)
  7 bats
  A giant cockroach (D:2)
  8 goblins
  5 hobgoblins
  4 jackals (D:1)
  2 kobolds
  A giant newt (D:1)
  6 rats
58 creatures vanquished.

Notes
Turn   | Place    | Note
--------------------------------------------------------------
     0 | D:1      | Gobbopathe the Octopode Venom Mage began the quest for the Orb.
     0 | D:1      | Reached XP level 1. HP: 11/11 MP: 3/3
    34 | D:1      | Reached skill level 5 in Poison Magic
    38 | D:1      | Reached XP level 2. HP: 7/17 MP: 0/5
   361 | D:1      | Reached XP level 3. HP: 11/21 MP: 4/6
   366 | D:1      | Learned a level 3 spell: Mephitic Cloud
   369 | D:1      | Learned a level 2 spell: Cure Poison
  1164 | D:1      | Reached skill level 6 in Poison Magic
  1189 | D:2      | Reached XP level 4. HP: 27/27 MP: 6/8
  1774 | D:3      | Reached XP level 5. HP: 31/31 MP: 0/9
  1891 | D:3      | Noticed Ijyb
  1939 | D:3      | Killed Ijyb
  1939 | D:3      | Reached skill level 7 in Poison Magic
  1955 | D:3      | Gained mutation: You are robust (+10% HP). [potion of mutation]
  1955 | D:3      | Lost mutation: You are robust (+10% HP). [potion of mutation]
  1955 | D:3      | Gained mutation: Your spells are a little easier to cast, but a little less powerful. [potion of mutation]
  2012 | D:3      | Slain by a gnoll

Vault maps used:
D:1:      lightli_arrival_noodles
D:3:      first_bread, uniq_iyjb, uniq_jessica

Skill      XL: |  1  2  3  4  5 |
---------------+----------------+-----
Poison Magic   | 5 6 7 |  7.3
Spellcasting   | 3 |  3.2
Dodging        | |  2.0
Stealth        | |  2.6

Action                   |  1- 3 |  4- 6 || total
-------------------------+-------+-------++-------
Melee: Unarmed           |    58 |       ||    58
       Constrict         |    19 |    15 ||    34
       Tentacles         |    15 |     7 ||    22
       Quarterstaff      |     5 |    38 ||    43
       Hand axe          |     4 |       ||     4
 Cast: Sting             |    21 |    29 ||    50
       Mephitic Cloud    |     1 |     5 ||     6
  Use: Scroll            |       |     3 ||     3
       Potion            |       |     3 ||     3
 Stab: Sleeping          |     5 |     1 ||     6
  Eat: Chunk             |       |     4 ||     4
Armor: Skin              |    10 |     2 ||    12
Dodge: Dodged            |    27 |    19 ||    46
Block: Other             |       |     2 ||     2
